 Dungeon Crawl Stone Soup version 0.21.1-1-g345015f (webtiles) character file.

457 Matador8 the Spear-Bearer (level 7, 0/50 HPs)
             Began as a Merfolk Skald on Apr 16, 2018.
             Was a Follower of Nemelex Xobeh.
             Succumbed to an orc wizard's poison
             ... on level 5 of the Dungeon.
             The game lasted 00:31:45 (5621 turns).

Matador8 the Spear-Bearer (Merfolk Skald)           Turns: 5621, Time: 00:31:46

Health: 0/50       AC:  4    Str: 15    XL:     7   Next: 6%
Magic:  5/10       EV: 12    Int: 14    God:    Nemelex Xobeh [*.....]
Gold:   250        SH:  0    Dex: 13    Spells: 2/10 levels left

rFire    . . .     SeeInvis .   a - +0 spear
rCold    . . .     Gourm    .   (no shield)
rNeg     . . .     Faith    .   b - +0 leather armour
rPois    .         Spirit   .   (no helmet)
rElec    .         Reflect  .   D - +0 cloak
rCorr    .         Harm     .   (no gloves)
MR       .....                  (no boots)
Stlth    +.........             (no amulet)
HPRegen  0.16/turn              u - +3 ring of strength
MPRegen  0.12/turn              (no ring)

@: lethally poisoned (0 -> -40), infused
A: change form in water, swift swim, stealthy swim
a: Renounce Religion


You were on level 5 of the Dungeon.
You worshipped Nemelex Xobeh.
Nemelex Xobeh was aware of your devotion.
You were not hungry.

You visited 1 branch of the dungeon, and saw 5 of its levels.

You collected 250 gold pieces.

Inventory:

Hand Weapons
 a - a +0 spear (weapon)
Armour
 b - a +0 leather armour (worn)
 t - a +0 scale mail
 D - a +0 cloak (worn)
Jewellery
 u - a +3 ring of strength (left hand)
 y - an uncursed ring of stealth {unknown}
Wands
 j - a wand of polymorph (9)
Scrolls
 f - 2 scrolls of amnesia {unknown}
 g - 2 scrolls of noise
 h - a scroll of fear {unknown}
 i - 2 scrolls of fog
 l - 2 scrolls of enchant armour {unknown}
 m - a scroll of random uselessness {unknown}
 p - 2 scrolls of blinking {unknown}
 s - a scroll of magic mapping {unknown}
 v - 2 scrolls of teleportation {unknown}
 w - a scroll of remove curse {unknown}
 x - a scroll of enchant weapon {unknown}
Potions
 k - a potion of might
 n - 2 potions of curing
 o - 2 potions of haste {unknown}
 q - 2 potions of brilliance {unknown}
 r - 2 potions of flight {unknown}
 z - 2 potions of lignification
Books
 c - a book of Battle

   Spells                             Type                      Level
   a - Infusion                       Charms                       1
   b - Shroud of Golubria             Charms/Translocation         2
   c - Song of Slaying                Charms                       2
   d - Spectral Weapon                Hexes/Charms                 3
   e - Regeneration                   Charms/Necromancy            3
Miscellaneous
 B - a plain deck of summoning
 C - a plain deck of destruction
Comestibles
 d - 5 rations
 A - 3 chunks of flesh


   Skills:
 - Level 2.1 Fighting
 * Level 9.9 Polearms
 - Level 0.6 Armour
 - Level 2.6 Dodging
 - Level 2.0 Spellcasting
 - Level 4.0 Charms
 + Level 1.1 Invocations


You had 2 spell levels left.
You knew the following spells:

 Your Spells              Type           Power        Failure   Level  Hunger
a - Infusion              Chrm           ##..         5%          1    ##.....
b - Shroud of Golubria    Chrm/Tloc      #.........   19%         2    ###....
c - Song of Slaying       Chrm           ##......     9%          2    ###....
d - Spectral Weapon       Hex/Chrm       #.......     36%         3    ####...


Dungeon Overview and Level Annotations

Branches:
Dungeon (5/15)
 Temple: D:4-7

Altars:
Dithmenos
Gozag
Makhleb
Nemelex Xobeh

Annotations:
D:3 salinator123's ghost, amateur HuTm


Message History

* * * LOW HITPOINT WARNING * * *
You miss something.
* * * LOW HITPOINT WARNING * * *
You feel sick.
You miss something.
* * * LOW HITPOINT WARNING * * *
You feel sick. Something hits you.
* * * LOW HITPOINT WARNING * * *
You are more poisoned.
You barely miss something.
* * * LOW HITPOINT WARNING * * *
You feel sick. Something hits you.
* * * LOW HITPOINT WARNING * * *
You are more poisoned.
You closely miss something.
* * * LOW HITPOINT WARNING * * *
You feel sick.
You closely miss something.
You die...
Your body disappears without a glow.

....######## #.....#+#....
...........#######.##.# .....
........(.......##..#.# #.....
................###.#.#.#...o.
.#..............'.......+ ...
.#..............###.#.#.#
......................#
...........##+#.{#....#
...##...........@#........
#####............#.....#..
.......................# ..
.....................#... .
...........##+#....###....
............. ....... ...
............. ...##... ..
######...........# ...# ###
...........# ?.#


There were no monsters in sight!

Vanquished Creatures
  Sigmund (D:2)
  2 orc wizards
  Jessica (D:2)
  A bullfrog skeleton (D:4)
  An iguana (D:3)
  A worker ant (D:5)
  5 adders
  An ooze (D:3)
  An adder skeleton (D:5)
  3 worms
  A dart slug (D:2)
  A leopard gecko (D:2)
  9 orcs
  3 giant cockroaches
  11 goblins
  12 hobgoblins
  10 jackals
  4 kobolds
  6 bats
  5 frilled lizards
  9 rats
88 creatures vanquished.

Notes
Turn   | Place    | Note
-------+----------+-------------------------------------------
     0 | D:1      | Matador8 the Merfolk Skald began the quest for the Orb.
     0 | D:1      | Reached XP level 1. HP: 16/16 MP: 3/3
   207 | D:1      | Reached skill level 4 in Polearms
   207 | D:1      | Reached XP level 2. HP: 16/22 MP: 5/5
   607 | D:1      | Learned a level 2 spell: Shroud of Golubria
   610 | D:1      | Learned a level 2 spell: Song of Slaying
   625 | D:2      | Reached skill level 5 in Polearms
   625 | D:2      | Reached XP level 3. HP: 23/27 MP: 4/6
   906 | D:2      | Noticed Sigmund
  1047 | D:2      | Killed Sigmund
  1047 | D:2      | Reached skill level 8 in Polearms
  1047 | D:2      | Reached XP level 4. HP: 4/33 MP: 0/7
  1047 | D:2      | Reached XP level 5. HP: 4/38 MP: 0/8
  1070 | D:1      | HP: 2/57 [poisoned by an adder]
  1626 | D:2      | Found a shadowy altar of Dithmenos.
  1630 | D:2      | Noticed Jessica
  1639 | D:2      | Killed Jessica
  1639 | D:2      | Reached XP level 6. HP: 33/44 MP: 3/9
  1646 | D:2      | Learned a level 3 spell: Spectral Weapon
  1836 | D:2      | Reached skill level 9 in Polearms
  2156 | D:3      | Noticed salinator123's ghost (amateur HuTm)
  4116 | D:4      | Found an opulent altar of Gozag.
  4116 | D:4      | Found a sparkling altar of Nemelex Xobeh.
  4124 | D:4      | Became a worshipper of Nemelex Xobeh the Trickster
  4236 | D:3      | HP: 1/44 [iguana (7)]
  4946 | D:4      | Received a gift from Nemelex Xobeh
  5219 | D:5      | Entered Level 5 of the Dungeon
  5312 | D:5      | Received a gift from Nemelex Xobeh
  5337 | D:5      | Reached * piety under Nemelex Xobeh
  5493 | D:5      | Found a burning altar of Makhleb.
  5548 | D:5      | Reached skill level 1 in Invocations
  5548 | D:5      | Reached XP level 7. HP: 43/50 MP: 1/10
  5620 | D:5      | HP: 1/50 [poisoned by an orc wizard]
  5621 | D:5      | Succumbed to an orc wizard's poison

Skill      XL: |  1  2  3  4  5  6 |
---------------+-------------------+-----
Polearms       | 4 5 8 9 |  9.9
Charms         | 4 |  4.0
Invocations    | 1 |  1.1
Fighting       | |  2.1
Armour         | |  0.6
Dodging        | |  2.6
Spellcasting   | |  2.0

Action                   |  1- 3 |  4- 6 |  7- 9 || total
-------------------------+-------+-------+-------++-------
Melee: Spear             |   105 |   290 |    17 ||   412
 Cast: Infusion          |     8 |    15 |     1 ||    24
       Song of Slaying   |     2 |     2 |       ||     4
       Shroud of Golubri |     2 |     6 |       ||     8
       Spectral Weapon   |       |     2 |       ||     2
  Use: Potion            |       |     4 |     1 ||     5
       Scroll            |       |     2 |       ||     2
 Stab: Sleeping          |       |     1 |       ||     1
  Eat: Chunk             |     1 |     8 |     1 ||    10
       Ration            |       |     2 |       ||     2
Armor: Leather armour    |    27 |    48 |     2 ||    77
       Skin              |       |     6 |       ||     6
Dodge: Dodged            |    51 |   128 |     1 ||   180
